 Dungeon Crawl Stone Soup version 0.28-a0-1395-g4f6bc678fa (webtiles) character file.

Game seed: 17714368898363824931

13 eustatius the Sneak (level 2, 0/29 HPs)
             Began as a Troll Delver on Jan 5, 2022.
             Slain by an orc priest (2 damage)
             ... on level 5 of the Dungeon.
             The game lasted 00:00:32 (60 turns).

eustatius the Sneak (Troll Delver)                    Turns: 60, Time: 00:00:33

Health: 0/29       AC:  4    Str: 19    XL:     2   Next: 24%
Magic:  1/1        EV:  9    Int:  6    God:
Gold:   12         SH:  0    Dex: 11    Spells: 1/1 levels left

rFire   . . .      SeeInvis .     - Unarmed
rCold   . . .      Faith    .   (no shield)
rNeg    . . .      Spirit   .   a - +0 robe
rPois   .          Reflect  .   (helmet restricted)
rElec   .          Harm     .   (no cloak)
rCorr   .          Rampage  .   (gloves unavailable)
Will    .....                   (boots unavailable)
Stlth   ++........              (no amulet)
HPRegen 0.89/turn               (no ring)
MPRegen 0.07/turn               (no ring)

@: no status effects
A: large, unfitting armour, claws 3, regeneration 1, shaggy fur 1, tough skin 1
a: no special abilities


You were on level 5 of the Dungeon.
You visited 1 branch of the dungeon, and saw 1 of its levels.

You collected 12 gold pieces.

Inventory:

Armour
 a - a +0 robe (worn)
Wands
 f - a wand of digging (3)
Scrolls
 b - a scroll of fog
 c - a scroll of magic mapping
 d - a scroll of fear
Potions
 e - a potion of haste


   Skills:
 + Level 2.5 Fighting
 + Level 1.6 Dodging
 + Level 3.0 Stealth
 + Level 2.0 Unarmed Combat


You had one spell level left.
You didn't know any spells.
Your spell library was empty.

Dungeon Overview and Level Annotations

Branches:
Dungeon (5/15)
 Temple: D:4-7

Altars:


Innate Abilities, Weirdness & Mutations

You are too large for most types of armour.
You have claws for hands.
Your natural rate of healing is unusually fast.
You are covered in fur. (AC +1)
You have tough skin. (AC +1)


Message History

You have reached level 2!
You claw the orc!
You kill the orc!
You feel sick.
You feel sick.
Things that are here:
a +0 hand axe; an orc corpse An orc comes into view.
It is wielding a +0 club.
You feel sick.
You feel sick.
You see here 12 stones.
You feel sick.
An orc and an orc priest come into view.
You feel sick.
You are no longer poisoned.
The orc priest shouts!
The orc shouts!
The orc hits you but does no damage.
The orc priest begins to cast a cantrip, but forgets the words!
The orc hits you with a +0 club.
You barely miss the orc. The orc barely misses you.
You claw the orc!
You kill the orc!
The orc priest looks satisfied for a moment.
The orc hits you but does no damage.
The orc priest invokes the aid of Beogh against you.
Pain shoots through your body! The orc closely misses you.
Things that are here:
a +0 club; a +0 leather armour The orc priest hits you with a +0 club.
The orc hits you with a +0 mace.
* * * LOW HITPOINT WARNING * * *
You scratch the orc priest.
The orc priest is moderately wounded.
The orc priest hits you but does no damage.
The orc hits you with a +0 mace!
* * * LOW HITPOINT WARNING * * *
You claw the orc priest!
The orc priest is severely wounded.
The orc priest hits you with a +0 club.
You die...

##.......
#..........#
#..........#
#..........#
#..........#
##.........#
##(.........#
#.).........#
##.#...)@o...#
##.###...o...##
#..# ##......#
##.## ########
# ##.## ##
##..# .# ##..##
.###..##
..##.##


You could see an orc priest and an orc.

Vanquished Creatures
  An adder (D:5)
  2 orcs (D:5)
3 creatures vanquished.

Notes
Turn   | Place    | Note
-------+----------+-------------------------------------------
     0 | D:5      | eustatius the Troll Delver began the quest for the Orb.
     0 | D:5      | Reached XP level 1. HP: 22/22 MP: 0/0
    47 | D:5      | Reached skill level 3 in Stealth
    47 | D:5      | Reached XP level 2. HP: 20/29 MP: 1/1
    59 | D:5      | HP: 1/29 [orc (7)]
    60 | D:5      | Slain by an orc priest

Illustrated notes

Levels and vault maps discovered:
D:5:      layout_cave_pods, minivault_11

Skill      XL: |  1 |
---------------+----+-----
Stealth        | 3 |  3.0
Fighting       | |  2.5
Dodging        | |  1.6
Unarmed Combat | |  2.0

Action                   || total
-------------------------++-------
Melee: Unarmed           ||    12
Armor: Robe              ||     6
Dodge: Dodged            ||     4

Table legend: (Time is in decaauts)
 A = Elapsed time spent in this place.
 B = Non-inter-level travel time spent in this place.
 C = Inter-level travel time spent in this place.
 D = Time resting spent in this place.
 E = Time spent auto-exploring this place.
 F = Levels seen in this place.
 G = Mean time per level.
                   A        B        C        D        E       F      G
               +--------+--------+--------+--------+--------+-----+--------+
         Total |     59 |     28 |     31 |      0 |      0 |   1 |   59.0 |
       Dungeon |     59 |     28 |     31 |      0 |      0 |   1 |   59.0 |
               +--------+--------+--------+--------+--------+-----+--------+

Top non-repeatable levels by time:
     D:5: 59 daAuts
